 Dungeon Crawl Stone Soup version 0.31-a0-744-gbc345e7 (webtiles) character file.

Game seed: 10082793148822467944

8727 BarneyGumball the Destroyer (level 11, 0/84 HPs)
             Began as a Yellow Draconian Conjurer on Sept 13, 2023.
             Was a High Priest of Fedhas.
             Slain by a komodo dragon (10 damage)
             ... on level 1 of the Lair of Beasts.
             The game lasted 00:51:38 (13298 turns).

BarneyGumball the Destroyer (DrCj)                 Turns: 13298, Time: 00:51:39

Health: 0/84       AC: 13    Str:  9    XL:     11   Next: 13%
Magic:  7/17       EV: 13    Int: 24    God:    Fedhas [*****.]
Gold:   474        SH:  4    Dex:  9    Spells: 4/18 levels left

rFire   + + .        l - +0 dagger (venom)
rCold   + . .        E - +0 buckler
rNeg    . . .        (body armour unavailable)
rPois   +            (helmet restricted)
rElec   +            y - +0 cloak
rCorr   +            D - +0 pair of gloves
SInv    .            (no boots)
Will    .....        (no amulet)
Stlth   ++           f - +4 ring of protection
HPRegen 0.34/turn    o - ring of protection from fire
MPRegen 0.15/turn

%: no passive effects
@: brilliant, resistant, very slightly contaminated, studying Dodging
A: spit acid, AC +7, unfitting armour, cold-blooded, acid resistance
a: Breathe Acid, Renounce Religion, Wall of Briars, Grow Ballistomycete,
Overgrow, Grow Oklob


You were on level 1 of the Lair of Beasts.
You worshipped Fedhas.
Fedhas was extremely pleased with you.
You visited 2 branches of the dungeon, and saw 12 of its levels.

You collected 579 gold pieces.
You spent 105 gold pieces at shops.

Inventory:

Hand Weapons
 l - a +0 dagger of venom (weapon)
Missiles
 A - 19 poisoned darts
 F - 3 curare-tipped darts
Armour
 y - a +0 cloak (worn)
 D - a +0 pair of gloves (worn)
 E - a +0 buckler (worn)
Jewellery
 f - a +4 ring of protection (left hand)
 o - a ring of protection from fire (right hand)
 C - a +5 ring of evasion
Wands
 n - a wand of digging (12)
 z - a wand of acid (9)
 B - a wand of paralysis (10)
 H - a wand of flame (2)
Scrolls
 e - 3 scrolls of revelation
 g - 4 scrolls of teleportation
 h - 4 scrolls of poison {unknown}
 i - a scroll of brand weapon {unknown}
 j - a scroll of vulnerability {unknown}
 k - a scroll of amnesia {unknown}
 t - a scroll of noise {unknown}
 u - 3 scrolls of blinking {unknown}
 I - a scroll of fear {unknown}
Potions
 a - a potion of magic
 b - a potion of brilliance
 c - 4 potions of curing
 d - 3 potions of resistance
 m - 2 potions of ambrosia
 p - 2 potions of attraction
 r - a potion of mutation
 s - 2 potions of heal wounds
 v - 2 potions of might
 w - 2 potions of berserk rage
 x - 3 potions of lignification
 G - a potion of invisibility {unknown}
 J - 3 potions of enlightenment


   Skills:
 - Level 4.0 Fighting
 - Level 7.0 Dodging
 - Level 1.7 Stealth
 - Level 4.0 Shields
 - Level 4.0 Spellcasting
 + Level 9.0 Conjurations
 - Level 7.0 Hexes
 + Level 0.0 Translocations
 + Level 8.3 Fire Magic
 - Level 5.0 Earth Magic
 + Level 3.1 Invocations


You had 4 spell levels left.
You knew the following spells:

 Your Spells              Type           Power      Damage    Failure   Level
a - Magic Dart            Conj           100%       1d8       1%          1
b - Searing Ray           Conj           100%       2d8       1%          2
c - Stone Arrow           Conj/Erth      100%       3d13      2%          3
d - Fulminant Prism       Conj/Hex       29%        3d14      5%          4
e - Iskenderun's Mystic   Conj/Tloc      39%        2d9       22%         4

Your spell library contained the following spells:

 Spells                   Type           Power      Damage    Failure   Level
 Sandblast                Erth           86%        2d18      1%          1
 Scorch                   Fire           100%       2d9       1%          2
 Dazzling Flash           Conj/Hex       100%       N/A       1%          3
 Kiss of Death            Conj/Necr      100%       2d13      2%          1
 Confusing Touch          Hex            55%        N/A       2%          3
 Sigil of Binding         Hex            55%        N/A       2%          3
 Flame Wave               Conj/Fire      62%        2d14      4%          4
 Sticky Flame             Conj/Fire      62%        2d8       4%          4
 Passwall                 Tmut/Erth      20%        N/A       8%          2
 Leda's Liquefaction      Hex/Erth       25%        N/A       12%         4
 Necrotise                Necr           28%        1d5       14%         1
 Ignite Poison            Fire/Tmut/Pois 27%        N/A       14%         3
 Cigotuvi's Dreadful Rot  Necr/Pois/Air  14%        N/A       22%         2
 Lesser Beckoning         Tloc           14%        N/A       22%         2
 Dimensional Bullseye     Hex/Tloc       16%        N/A       32%         4
 Call Canine Familiar     Summ           7%         N/A       38%         3
 Gell's Gravitas          Tloc           7%         N/A       38%         3
 Teleport Other           Tloc           7%         N/A       38%         3
 Vampiric Draining        Necr           7%         2d6       38%         3
 Dispel Undead            Necr           7%         3d8       80%         4
 Freezing Cloud           Conj/Ice/Air   14%        6-21      75%         5
 Agony                    Necr           7%         N/A       98%         5
 Dispersal                Tloc           3%         N/A       100%        6
 Summon Cactus Giant      Summ           3%         N/A       100%        6
 Ignition                 Fire           30%        3d10      100%        8


Dungeon Overview and Level Annotations

Branches:
Dungeon (11/15)            Temple (0/1) D:6            Lair (1/5) D:10
    Orc: D:9-12

Altars:
Ashenzari
Cheibriados
Elyvilon
Fedhas
Kikubaaqudgha
Makhleb
Nemelex Xobeh
Okawaru
Qazlal

Shops:
D:2 *

Annotations:
D:3 2 transporters, deathcow's ghost, weakling VSDe


Innate Abilities, Weirdness & Mutations

You can spit globs of acid.
Your golden yellow scales are hard. (AC +7)
You cannot fit into any form of body armour.
You are cold-blooded and may be slowed by cold attacks.
You are resistant to acid. (rCorr)


Message History

Your fulminant prism crackles loudly.
Casting: Fulminant Prism (dangerous; 5% risk of failure)
Confirm with . or Enter, or press ? or * to list all spells.
Aiming: Fulminant Prism (dangerous; 5% risk of failure)
Press: ? - help, Dir - move target You feel a surge of power!
You conjure a prism of explosive energy!
A fulminant prism comes into view.
You block the blink frog's attack.
The blink frog blinks!
The blink frog hits you but does no damage.
The blink frog hits you!
* * * LOW HITPOINT WARNING * * *
The cane toad stings you but does no damage.
The komodo dragon bites you but does no damage.
The blink frog blinks!
The blink frog barely misses you. The blink frog hits you!
* * * LOW HITPOINT WARNING * * *
The blink frog blinks!
Your fulminant prism explodes!
The blast of energy engulfs the blink frog!!
The blink frog is almost dead.
Your fulminant prism crackles loudly.
Casting: Fulminant Prism (dangerous; 5% risk of failure)
Confirm with . or Enter, or press ? or * to list all spells.
You feel a surge of power!
You erupt in a blast of force!
The mystic blast hits the cane toad!
The cane toad is moderately wounded.
The cane toad is knocked back by the mystic blast.
The mystic blast hits the blink frog!
You kill the blink frog!
Fedhas appreciates your contribution to the ecosystem.
The mystic blast hits the blink frog!
The blink frog is heavily wounded.
The blink frog is knocked back by the mystic blast.
The blink frog slams into the rock wall!
The blink frog is severely wounded.
The mystic blast hits the komodo dragon but does no damage.
The komodo dragon bites you!
You die...
Fedhas appreciates your contribution to the ecosystem.

##....
#......
##.......
##F.......
##.*.......
#F...F.....
#.§l..*....
#.@.......
#.§.......
#.........
##....F...
#........
##.......
.....F.
.......


You could see a komodo dragon (ally target), a cane toad (ally target), 4 blink
frogs and 2 friendly fulminant prisms.

Vanquished Creatures
  A two-headed ogre (D:9)
  Pikel (D:7)
  Maurice (D:8)
  Joseph (D:8)
  Maggie (D:8)
  Jeremiah (D:7)
  An unseen horror (D:10)
  An efreet (D:9)
  A hornet (D:10)
  A blink frog (Lair:1)
  8 yaks
  3 steam dragons
  2 wargs
  3 water moccasins
  An acid dragon (D:10)
  3 hell hounds (D:10)
  An ice beast (D:6)
  4 orc warriors
  An ogre (D:5)
  A sky beast (D:6)
  3 centaurs
  3 lemures (D:7)
  A phantom (D:6)
  3 kobold brigands
  A bullfrog (D:8)
  2 scorpions (D:5)
  7 wights
  14 killer bees
  A howler monkey (D:9)
  2 hounds (D:5)
  6 orc priests
  16 orc wizards
  2 iguanas (D:5)
  Natasha (thrice) (D:2)
  6 adders
  An ufetubus (D:7)
  2 dart slugs
  28 orcs
  4 endoplasms
  2 giant cockroaches
  6 goblins
  2 hobgoblins (D:1)
  2 jackals (D:2)
  19 kobolds
  5 quokkas
  6 ball pythons
  5 bats (D:3)
  4 frilled lizards
  5 rats
198 creatures vanquished.

Vanquished Creatures (others)
  20 fulminant prisms
20 creatures vanquished.

Grand Total: 218 creatures vanquished

Notes
Turn   | Place    | Note
-------+----------+-------------------------------------------
     0 | D:1      | BarneyGumball the Draconian Conjurer began the quest for
                  | the Orb.
     0 | D:1      | Reached XP level 1. HP: 14/14 MP: 3/3
   285 | D:1      | Reached skill level 1 in Hexes
   285 | D:1      | Reached XP level 2. HP: 20/20 MP: 3/5
   479 | D:1      | Found a faded altar of an unknown god.
   482 | D:1      | Prayed at the altar of an unknown god.
   482 | D:1      | Became a worshipper of Fedhas Madash
   482 | D:1      | Reached * piety under Fedhas
   660 | D:1      | Learned a level 2 spell: Searing Ray
  1185 | D:2      | Found Xachof's Assorted Antiques.
  1433 | D:2      | Reached XP level 3. HP: 26/26 MP: 3/6
  1601 | D:2      | Noticed Natasha
  1607 | D:2      | Killed Natasha
  1651 | D:2      | Noticed Natasha
  1655 | D:2      | Killed Natasha
  1656 | D:2      | Reached XP level 4. HP: 26/33 MP: 1/7
  1745 | D:2      | Reached skill level 5 in Conjurations
  1962 | D:2      | Reached ** piety under Fedhas
  2027 | D:2      | Noticed Natasha
  2054 | D:2      | Killed Natasha
  2264 | D:3      | Identified the +9 halberd of Meixuo Axti {venom, MP+9 Int+4
                  | Dex+3}
  2353 | D:3      | Found a burning altar of Makhleb.
  2355 | D:3      | Noticed a green death
  2442 | D:3      | Reached XP level 5. HP: 38/38 MP: 5/8
  2652 | D:2      | Bought a square pearl amulet for 105 gold pieces
  2796 | D:3      | Found a transporter.
  2803 | D:3      | Found a transporter.
  2808 | D:3      | Noticed deathcow's ghost (weakling VSDe)
  2971 | D:4      | Found an ancient bone altar of Kikubaaqudgha.
  2976 | D:4      | Found an iron altar of Okawaru.
  2985 | D:4      | Noticed a centaur
  3332 | D:4      | Killed a centaur
  3419 | D:4      | Found a blossoming altar of Fedhas.
  3507 | D:4      | Learned a level 3 spell: Stone Arrow
  3550 | D:4      | Noticed a centaur
  3568 | D:4      | Reached XP level 6. HP: 45/45 MP: 5/9
  3686 | D:4      | Reached skill level 6 in Conjurations
  3968 | D:4      | Found a broken altar of Ashenzari.
  4073 | D:5      | Entered Level 5 of the Dungeon
  4245 | D:5      | Reached skill level 1 in Fighting
  4312 | D:5      | Reached *** piety under Fedhas
  4323 | D:5      | Found a stormy altar of Qazlal.
  4339 | D:5      | Your scales start taking on a golden yellow colour.
  4339 | D:5      | Reached XP level 7. HP: 52/52 MP: 1/10
  4339 | D:5      | Gained mutation: You are resistant to acid. (rCorr) [Yellow
                  | Draconian growth]
  5236 | D:5      | Found a white marble altar of Elyvilon.
  5304 | D:6      | Noticed a troll
  5307 | D:6      | Found a snail-covered altar of Cheibriados.
  5322 | D:6      | Found a staircase to the Ecumenical Temple.
  6086 | D:6      | Reached skill level 7 in Conjurations
  6086 | D:6      | Reached XP level 8. HP: 49/63 MP: 3/11
  6201 | D:6      | Reached skill level 5 in Dodging
  6445 | D:6      | Reached skill level 1 in Invocations
  6698 | D:7      | Noticed Jeremiah
  6985 | D:7      | Reached **** piety under Fedhas
  7183 | D:7      | Killed Jeremiah
  7184 | D:7      | Reached skill level 5 in Earth Magic
  7376 | D:7      | Noticed Pikel
  7416 | D:7      | Killed Pikel
  7417 | D:7      | Reached XP level 9. HP: 35/71 MP: 1/12
  7801 | D:8      | Reached skill level 8 in Conjurations
  8024 | D:8      | Noticed Joseph
  8033 | D:8      | Killed Joseph
  8034 | D:8      | Reached skill level 5 in Hexes
  8805 | D:8      | Noticed Maurice
  8824 | D:8      | Paralysed by something for 3 turns
  8830 | D:8      | Paralysed by something for 4 turns
  8836 | D:8      | Killed Maurice
  8837 | D:8      | Reached skill level 1 in Shields
  8942 | D:8      | Learned a level 4 spell: Fulminant Prism
  9090 | D:8      | Noticed Maggie
  9131 | D:8      | Killed Maggie
  9132 | D:8      | Reached XP level 10. HP: 41/78 MP: 0/15
 10052 | D:9      | Reached skill level 9 in Conjurations
 10099 | D:9      | Reached skill level 1 in Fire Magic
 10242 | D:9      | Noticed a wolf spider
 10242 | D:9      | Noticed a catoblepas
 10248 | D:9      | Noticed a seven-headed hydra
 10503 | D:9      | Found a sparkling altar of Nemelex Xobeh.
 10690 | D:9      | Reached ***** piety under Fedhas
 11087 | D:10     | Entered Level 10 of the Dungeon
 11231 | D:10     | Noticed a two-headed ogre
 11313 | D:9      | Killed a two-headed ogre
 11314 | D:9      | Reached skill level 5 in Fire Magic
 12116 | D:10     | Paralysed by a hornet for 3 turns
 12120 | D:10     | Reached XP level 11. HP: 79/84 MP: 10/17
 12347 | D:10     | Found a staircase to the Lair.
 13268 | D:10     | Learned a level 4 spell: Iskenderun's Mystic Blast
 13287 | Lair:1   | Entered Level 1 of the Lair of Beasts
 13298 | Lair:1   | Slain by a komodo dragon

Illustrated notes

Levels and vault maps discovered:
D:1:      amcnicky_arrival_single_pillar, layout_basic,
          shapermc_ecumenical_altar_mp_vishouse, serial_corexii_hall,
          chequers_hall_statues_wall_a, corexii_hall_statues_s
D:2:      minmay_alternating_diamond, layout_loops_ring, serial_shops, shop,
          uniq_natasha
D:3:      layout_rooms, makhleb_altar_promises_db, gammafunk_ghost_gnarly_gnolls
D:4:      minmay_wonky_spiral, layout_basic, okawaru_ov_weapons_minmay,
          mainiacjoe_overflow_catwalk, general_overflow_altar, fedhas_altar_4,
          minmay_manual_mares
D:5:      layout_loops_ring, mainiacjoe_overflow_swirl, nicolae_the_louvre
D:6:      layout_cave_pods, cheibriados_altar_2,
          minmay_temple_entry_gardened_gates
D:7:      layout_loops_ring, uniq_jeremiah, uniq_pikel
D:8:      layout_loops_ring, dreamdust_princess_bridge, uniq_maurice,
          uniq_maggie, uniq_joseph
D:9:      layout_loops_ring, nemelex_diamond_rough_becter,
          onia_ninara_dug_in_and_dangerous
D:10:     layout_roguey, erik_lair_orcish_takeover, kennysheep_doodads,
          minmay_rotating_lava
D:11:     layout_basic, david_orc_2, nicolae_uskayaw_dance_studio
Lair:1:   layout_cave_pods, patterned_corridor

Skill      XL: |  1  2  3  4  5  6  7  8  9 10 11 |
---------------+----------------------------------+-----
Hexes          | 1 2 4 6 7 |  7.0
Conjurations   | 5 6 7 8 9 |  9.0
Earth Magic    | 2 3 4 5 |  5.0
Dodging        | 2 4 6 7 |  7.0
Fighting       | 1 3 4 |  4.0
Invocations    | 3 |  3.1
Shields        | 2 4 |  4.0
Spellcasting   | 3 4 |  4.0
Fire Magic     | 7 8 |  8.3
Stealth        | |  1.7

Action                     |  1- 3 |  4- 6 |  7- 9 | 10-12 || total
---------------------------+-------+-------+-------+-------++-------
  Melee: Dagger            |       |    26 |   157 |    90 ||   273
         Tailslap          |       |     2 |    14 |    11 ||    27
         Punch             |       |       |     3 |       ||     3
  Throw: Dart              |       |       |    14 |       ||    14
   Cast: Magic Dart        |    49 |    76 |    87 |    77 ||   289
         Searing Ray       |     1 |     6 |    23 |    10 ||    40
         Stone Arrow       |       |     1 |    14 |    39 ||    54
         Fulminant Prism   |       |       |     3 |    19 ||    22
         Iskenderun's Myst |       |       |       |     1 ||     1
Ability: Breathe Acid      |       |       |    16 |    11 ||    27
  Evoke: Wand              |       |       |     1 |       ||     1
    Use: Scroll            |       |       |    10 |     2 ||    12
         Potion            |       |       |       |     2 ||     2
   Stab: Sleeping          |       |       |     2 |       ||     2
 Armour: Skin              |     3 |    51 |   173 |   153 ||   380
  Dodge: Dodged            |     2 |    38 |   116 |    92 ||   248
  Block: Buckler           |       |       |     3 |    26 ||    29

Table legend: (Time is in decaauts)
 A = Elapsed time spent in this place.
 B = Non-inter-level travel time spent in this place.
 C = Inter-level travel time spent in this place.
 D = Time resting spent in this place.
 E = Time spent auto-exploring this place.
 F = Levels seen in this place.
 G = Mean time per level.
                   A        B        C        D        E       F      G
               +--------+--------+--------+--------+--------+-----+--------+
         Total |  13361 |  12753 |    608 |   1903 |   8827 |  12 | 1113.4 |
       Dungeon |  13353 |  12746 |    607 |   1903 |   8827 |  11 | 1213.9 |
          Lair |      7 |      7 |      0 |      0 |      0 |   1 |    7.0 |
               +--------+--------+--------+--------+--------+-----+--------+

Top non-repeatable levels by time:
     D:9: 2633 daAuts
     D:8: 1757 daAuts
     D:6: 1319 daAuts
     D:7: 1272 daAuts
     D:2: 1161 daAuts
     D:5: 1156 daAuts
     D:1: 1129 daAuts
    D:10: 1066 daAuts
     D:4: 1000 daAuts
     D:3: 836 daAuts
    D:11: 19 daAuts
  Lair:1: 7 daAuts
